 Dungeon Crawl Stone Soup version 0.27-a0-1287-gca74d27db6 (webtiles) character file.

Game seed: 21202307941226502

3341 siradein the Carver (level 9, -4/67 HPs)
             Began as a Palentonga Berserker on June 15, 2021.
             Was an Elder of Trog.
             Killed from afar by a steam dragon (16 damage)
             ... with a ball of steam
             ... on level 7 of the Dungeon.
             The game lasted 00:19:34 (7108 turns).

siradein the Carver (Palentonga Berserker)          Turns: 7108, Time: 00:19:34

Health: -4/67      AC: 12    Str: 21    XL:     9   Next: 72%
Magic:  9/9        EV:  9    Int:  9    God:    Trog [****..]
Gold:   291        SH:  0    Dex: 11    Spells: 8/8 levels left

rFire    . . .     SeeInvis +   s - +3 falchion
rCold    . . .     Faith    +   (no shield)
rNeg     . . .     Spirit   .   f - +0 troll leather armour
rPois    .         Reflect  .   (no helmet)
rElec    .         Harm     .   (no cloak)
rCorr    .         Rampage  .   (no gloves)
Will     ++...                  (no barding)
Stlth    +.........             e - amulet of faith
HPRegen  2.21/turn              (no ring)
MPRegen  0.11/turn              (no ring)

@: strong-willed, regenerating, curled up
A: large, rugged brown scales 3, see invisible, deformed body, roll 1, armoured
tail, reflexive curl
a: Rolling Charge, Renounce Religion, Berserk, Trog's Hand, Brothers in Arms


You were on level 7 of the Dungeon.
You worshipped Trog.
Trog was greatly pleased with you.
You visited 1 branch of the dungeon, and saw 7 of its levels.
You also visited: Sewer.

You collected 291 gold pieces.

Inventory:

Hand Weapons
 s - a +3 falchion (weapon)
Missiles
 w - a throwing net
Armour
 f - a +0 troll leather armour (worn)
Jewellery
 e - an amulet of faith (around neck)
 j - an amulet of the acrobat
 y - a +6 ring of intelligence
Wands
 n - a wand of flame (12)
 x - a wand of acid (5)
 A - a wand of polymorph (6)
Scrolls
 a - 4 scrolls of teleportation {unknown}
 c - a scroll of enchant armour {unknown}
 g - 2 scrolls of blinking {unknown}
 i - a scroll of immolation {unknown}
 k - 5 scrolls of magic mapping
 l - 3 scrolls of fear {unknown}
 m - a scroll of summoning {unknown}
 r - a scroll of holy word {unknown}
 t - a scroll of amnesia {unknown}
 u - 2 scrolls of noise {unknown}
Potions
 b - a potion of flight {unknown}
 d - 6 potions of might
 h - a potion of cancellation {unknown}
 o - 2 potions of lignification {unknown}
 p - a potion of ambrosia {unknown}
 q - a potion of invisibility {unknown}
 v - a potion of resistance {unknown}
 z - 2 potions of haste


   Skills:
 - Level 3.0 Fighting
 + Level 13.6 Long Blades
 - Level 1.5 Armour
 - Level 1.5 Dodging


You had 8 spell levels left.
You didn't know any spells.
Your spell library was empty.

Dungeon Overview and Level Annotations

Branches:
Dungeon (7/15)             Temple (0/1) D:4           Sewer (visited)

Altars:
Ashenzari
Cheibriados
Nemelex Xobeh
Ru
Vehumet

Shops:
D:2 (   D:4 [   D:6 !

Annotations:
D:7 TODO's ghost, novice OpTm


Innate Abilities, Weirdness & Mutations

You are completely covered in rugged brown scales. (AC +3, +7% HP)
You have supernaturally acute eyesight. (SInv)
Armour fits poorly on your strangely shaped body.
You can roll at nearby foes to attack.
You have a long armoured tail.
You curl defensively after being hit.


Message History

You slash the steam dragon!
The steam dragon is moderately wounded.
The steam dragon breathes steam at you. The ball of steam hits you.
You hit the steam dragon.
The steam dragon is moderately wounded.
You are engulfed in a cloud of scalding steam.
You barely miss the steam dragon.
The steam dragon is moderately wounded.
You are engulfed in a cloud of scalding steam.
The steam dragon bites you.
The steam dragon claws you but does no damage.
You hit the steam dragon.
The steam dragon is heavily wounded.
You are engulfed in a cloud of scalding steam.
The steam dragon breathes steam at you. The ball of steam hits you!!
* * * LOW HITPOINT WARNING * * *
You are too injured to fight recklessly!
Your skin crawls.
You feel strong-willed.
You are engulfed in a cloud of scalding steam.
* * * LOW HITPOINT WARNING * * *
The steam dragon breathes steam at you. The ball of steam hits you!
* * * LOW HITPOINT WARNING * * *
You hear a shout!
The steam dragon barely misses you.
You riposte.
You hit the steam dragon.
The steam dragon is heavily wounded.
The steam dragon claws you but does no damage.
You hit the steam dragon.
The steam dragon is severely wounded.
The steam dragon barely misses you. x2
You closely miss the steam dragon.
The steam dragon is severely wounded.
You hit the steam dragon.
The steam dragon is severely wounded.
The steam dragon breathes steam at you. The ball of steam hits you!
You die...

####### #######
....§.. #.....#
....... #.....#
.......## #.....#
......... +.[...+
........###@....#
..........D.....#
..#..#...#...###
#.###.###..#
#..#...#§..####
#...._....(.....
#..#...#........
#.###.###.......
#..#...#........


You could see a steam dragon (catching breath).

Vanquished Creatures
  A gargoyle (D:7)
  Grinder (D:5)
  A vampire mosquito (D:7)
  3 ice beasts
  A sky beast (D:6)
  Purgy (Sewer)
  5 necrophages
  5 centaurs
  A scorpion (D:4)
  A wyvern skeleton (D:7)
  5 wights (D:4)
  2 jellies
  4 hounds
  4 iguanas
  5 orc wizards
  A hound zombie (D:5)
  2 hound skeletons (D:4)
  3 howler monkey zombies
  6 gnolls
  9 adders
  A river rat (D:6)
  2 shadow imps
  2 white imps
  3 ufetubi
  A worm (D:2)
  8 dart slugs
  17 orcs
  2 bats
  6 endoplasms
  8 hobgoblins
  9 jackals
  7 kobolds
  6 quokkas
  18 ball pythons
  3 frilled lizards
  5 giant cockroaches
  15 goblins
  6 rats
180 creatures vanquished.

Vanquished Creatures (collateral kills)
  A troll (D:7)
  A wraith (D:7)
  A water moccasin (D:7)
  A scorpion (D:7)
  A jelly (D:7)
  An iguana (D:7)
  An orc wizard (D:7)
  A howler monkey skeleton (D:7)
  A white imp (D:7)
9 creatures vanquished.

Vanquished Creatures (others)
  7 plants (D:6)
7 creatures vanquished.

Grand Total: 196 creatures vanquished

Notes
Turn   | Place    | Note
-------+----------+-------------------------------------------
     0 | D:1      | siradein the Palentonga Berserker began the quest for the
                  | Orb.
     0 | D:1      | Reached XP level 1. HP: 19/19 MP: 1/1
   213 | D:1      | Reached XP level 2. HP: 24/25 MP: 2/2
   288 | D:1      | Reached skill level 4 in Long Blades
   298 | D:1      | Reached ** piety under Trog
   429 | D:1      | Found a faded altar of an unknown god.
   458 | D:1      | Reached XP level 3. HP: 31/31 MP: 3/3
   931 | D:2      | Found Yreceq's Weapon Emporium.
  1076 | D:2      | Reached XP level 4. HP: 37/37 MP: 4/4
  1117 | D:2      | Reached skill level 5 in Long Blades
  1479 | D:3      | Found a sparkling altar of Nemelex Xobeh.
  1726 | D:3      | Reached *** piety under Trog
  2020 | D:4      | Found Mecrintesarph's Armour Emporium.
  2020 | D:4      | Found a snail-covered altar of Cheibriados.
  2029 | D:4      | Reached XP level 5. HP: 43/43 MP: 5/5
  2049 | D:4      | Noticed a necrophage
  2060 | D:4      | Killed a necrophage
  2061 | D:4      | Reached skill level 6 in Long Blades
  2229 | D:4      | Reached XP level 6. HP: 22/50 MP: 6/6
  2233 | D:4      | Reached skill level 7 in Long Blades
  2524 | D:4      | Reached skill level 8 in Long Blades
  2646 | D:4      | Gained mutation: You curl defensively after being hit.
                  | [Palentonga growth]
  2646 | D:4      | Reached XP level 7. HP: 55/55 MP: 7/7
  2751 | D:4      | Reached **** piety under Trog
  3275 | D:4      | Found a staircase to the Ecumenical Temple.
  3288 | D:4      | Found a sacrificial altar of Ru.
  3519 | D:4      | Reached skill level 9 in Long Blades
  3618 | D:5      | Entered Level 5 of the Dungeon
  3691 | D:5      | Found a broken altar of Ashenzari.
  3735 | D:5      | Reached XP level 8. HP: 15/62 MP: 8/8
  4033 | D:5      | Reached skill level 10 in Long Blades
  4747 | D:5      | Noticed Grinder
  4759 | D:5      | Killed Grinder
  4760 | D:5      | Reached skill level 11 in Long Blades
  5042 | D:6      | Found Teffisk's Distillery.
  5227 | D:6      | Found a glowing drain.
  5281 | Sewer    | Entered a sewer
  5332 | Sewer    | Reached ***** piety under Trog
  5342 | Sewer    | Noticed Purgy
  5351 | Sewer    | Killed Purgy
  5553 | D:6      | Reached XP level 9. HP: 56/67 MP: 9/9
  5756 | D:6      | Reached skill level 12 in Long Blades
  6568 | D:7      | Noticed TODO's ghost (novice OpTm)
  6589 | D:7      | Noticed a gargoyle
  6619 | D:7      | Killed a gargoyle
  6620 | D:7      | Reached skill level 13 in Long Blades
  6742 | D:7      | Noticed a troll
  6759 | D:7      | Killed a troll
  7078 | D:7      | Found a radiant altar of Vehumet.
  7108 | D:7      | Killed from afar by a steam dragon

Illustrated notes

Levels and vault maps discovered:
D:1:      scummos_arrival_checkerplants, layout_rooms,
          ebering_ecumenical_altar_hall, st_stairs_4, feat_on_display
D:2:      minmay_inner_zag, layout_rooms, serial_shops, shop
D:3:      layout_rooms, nemelex_xobeh_ov_fountains_minmay, nrook_mini_backslash
D:4:      minmay_thinvault, layout_gridville, overflow_temple_1_default,
          lemuel_crystal_altar, minmay_temple_entry_drinking_statues,
          serial_shops, shop
D:5:      layout_loops_ring, general_overflow_altar, uniq_grinder
D:6:      cheibrodos_two_vegetables, layout_basic, gup_sewer_entry_bubbles,
          serial_shops, shop
D:7:      nzn_winding_woodlands_small [nzn_winding_woodlands_5x15_twine,
          nzn_winding_woodlands_center_pierced_h,
          nzn_winding_woodlands_5x15_sawtooth], layout_basic, vehumet_crystals,
          hellmonk_ghost_happy_afterlife, minmay_misc_feat_encased

Skill      XL: |  1  2  3  4  5  6  7  8  9 |
---------------+----------------------------+-----
Long Blades    | 4 5 6 8 9 11 13 | 13.6
Fighting       | |  3.0
Armour         | |  1.5
Dodging        | |  1.5

Action                   |  1- 3 |  4- 6 |  7- 9 || total
-------------------------+-------+-------+-------++-------
Melee: Falchion          |    95 |   158 |   352 ||   605
       Tailslap          |    18 |    22 |    48 ||    88
Invok: Trog's Hand       |     3 |     3 |     8 ||    14
       Berserk           |       |     1 |     4 ||     5
       Brothers in Arms  |       |       |     2 ||     2
 Abil: Rolling Charge    |     1 |     2 |    10 ||    13
  Use: Scroll            |       |       |     5 ||     5
Armor: Scale mail        |    36 |    28 |       ||    64
       Animal skin       |     1 |       |       ||     1
       Chain mail        |       |    64 |   162 ||   226
       Troll leather arm |       |       |     4 ||     4
Dodge: Dodged            |    45 |    56 |   103 ||   204
       Rpst.: Falchion   |    19 |    17 |    28 ||    64

Table legend: (Time is in decaauts)
 A = Elapsed time spent in this place.
 B = Non-inter-level travel time spent in this place.
 C = Inter-level travel time spent in this place.
 D = Time resting spent in this place.
 E = Time spent auto-exploring this place.
 F = Levels seen in this place.
 G = Mean time per level.
                   A        B        C        D        E       F      G
               +--------+--------+--------+--------+--------+-----+--------+
         Total |   7171 |   7043 |    128 |    200 |   5368 |   8 |  896.4 |
       Dungeon |   6921 |   6793 |    128 |    197 |   5187 |   7 |  988.7 |
         Sewer |    249 |    249 |      0 |      2 |    181 |   1 |  249.0 |
               +--------+--------+--------+--------+--------+-----+--------+

Top non-repeatable levels by time:
     D:4: 1602 daAuts
     D:6: 1449 daAuts
     D:5: 1310 daAuts
     D:2: 850 daAuts
     D:1: 638 daAuts
     D:3: 542 daAuts
     D:7: 529 daAuts
   Sewer: 249 daAuts
